 Dungeon Crawl Stone Soup version 0.31.0-11-ge490571c62 (webtiles) character file.

Game seed: 702082893787153078

887 Sobieck the Magician (level 7, -8/36 HPs)
             Began as a Deep Elf Conjurer on Jan 31, 2024.
             Was an Initiate of Vehumet.
             Mangled by Maggie
             ... wielding a +2 heavy glaive
              (16 damage)
             ... on level 6 of the Dungeon.
             The game lasted 00:10:58 (5415 turns).

Sobieck the Magician (Deep Elf Conjurer)            Turns: 5415, Time: 00:10:59

Health: -8/36      AC:  3    Str:  4    XL:     7   Next: 77%
Magic:  6/20       EV: 12    Int: 25    God:    Vehumet [......]
Gold:   7          SH:  0    Dex: 13    Spells: 5/21 levels left

rFire   + . .        d - staff of fire
rCold   . . .        (no shield)
rNeg    . . .        a - +1 robe
rPois   .            (no helmet)
rElec   .            (no cloak)
rCorr   +            (no gloves)
SInv    .            (no boots)
Will    .....        (no amulet)
Stlth   ++           g - ring of resist corrosion
HPRegen 0.26/turn    (no ring)
MPRegen 0.17/turn

%: no passive effects
@: slightly contaminated
A: no striking features
a: Renounce Religion


You were on level 6 of the Dungeon.
You worshipped Vehumet.
Vehumet was noncommittal.
You visited 1 branch of the dungeon, and saw 6 of its levels.

You collected 243 gold pieces.
You spent 236 gold pieces at shops.

Inventory:

Hand Weapons
 i - a +2 dagger of pain
Armour
 a - a +1 robe (worn)
 n - an orb of mayhem
 y - an orb of wrath
Magical Staves
 d - a staff of fire (weapon)
Jewellery
 g - a ring of resist corrosion (left hand)
 k - an amulet of guardian spirit
Wands
 t - a wand of mindburst (5)
Scrolls
 b - 3 scrolls of blinking
 e - 2 scrolls of fear
 f - a scroll of enchant armour
 j - a scroll of immolation
 l - 3 scrolls of noise
 q - 2 scrolls of amnesia
 s - a scroll of silence {unknown}
 A - a scroll of fog
 T - 3 scrolls of teleportation
Potions
 c - 2 potions of brilliance
 h - a potion of ambrosia {unknown}
 m - a potion of mutation
 o - a potion of magic
 p - a potion of berserk rage {unknown}
 r - a potion of cancellation {unknown}
 u - a potion of curing {unknown}
 v - 2 potions of attraction {unknown}
 w - a potion of heal wounds {unknown}
 x - a potion of enlightenment {unknown}
 z - a potion of invisibility {unknown}


   Skills:
 - Level 2.4 Dodging
 - Level 2.4 Stealth
 + Level 7.6 Spellcasting
 + Level 7.2 Conjurations
 - Level 5.0 Alchemy


You had 5 spell levels left.
You knew the following spells:

 Your Spells              Type           Power      Damage    Failure   Level
a - Magic Dart            Conj           100%       1d8       1%          1
b - Searing Ray           Conj           90%        2d7       1%          2
c - Fulminant Prism       Conj/Alch      20%        3d12      4%          4
d - Iskenderun's Mystic   Conj/Tloc      27%        2d7       14%         4
e - Irradiate             Conj/Alch      20%        3d18      14%         5

Your spell library contained the following spells:

 Spells                   Type           Power      Damage    Failure   Level
 Stone Arrow              Conj/Erth      54%        3d10      4%          3
 Sublimation of Blood     Necr           9%         N/A       10%         2
 Gell's Gravitas          Tloc           9%         N/A       19%         3
 Teleport Other           Tloc           9%         N/A       19%         3
 Petrify                  Alch/Erth      22%        N/A       22%         4
 Animate Armour           Summ/Erth      18%        N/A       52%         4
 Dispersal                Tloc           4%         N/A       100%        6
 Lehudib's Crystal Spear  Conj/Erth      13%        10d5      100%        8


Dungeon Overview and Level Annotations

Branches:
Dungeon (6/15)
 Temple: D:4-7

Altars:
Fedhas
Qazlal
Vehumet
Xom
Yredelemnul
Zin
The Shining One

Shops:
D:1 ?

Annotations:
D:6 Maggie


Message History

Unknown command.
You hear the slow hiss of a very distant avalanche of sand.
Maggie the Vainglorious comes into view.
She is wielding a +2 heavy glaive.
Unknown command.
Unknown command.
Casting: Magic Dart (safe; 1% risk of failure)
Confirm with . or Enter, or press ? or * to list all spells.
Aiming: Searing Ray (safe; 1% risk of failure)
Press: ? - help, Shift-Dir - straight line, f - Maggie
Aim: Maggie, wielding a +2 heavy glaive and wearing +0 steam dragon scales (asleep, 100% to hit)
The searing ray hits Maggie.
Maggie is lightly wounded.
Maggie shouts! (Press . to maintain the ray.)
The searing ray misses Maggie.
Maggie closely misses you.
The searing ray hits Maggie.
Maggie is lightly wounded.
The searing ray hits Maggie!
Maggie is moderately wounded.
You finish channelling your searing ray.
Maggie barely misses you.
Casting: Searing Ray (safe; 1% risk of failure)
Confirm with . or Enter, or press ? or * to list all spells.
Aiming: Searing Ray (safe; 1% risk of failure)
Press: ? - help, Shift-Dir - straight line, f/p - Maggie
Aim: Maggie, wielding a +2 heavy glaive and wearing +0 steam dragon scales (moderately wounded, 82% to hit)
Okay, then.
Casting: Searing Ray (safe; 1% risk of failure)
Confirm with . or Enter, or press ? or * to list all spells.
Okay, then.
Unknown command.
Maggie hits you with a +2 heavy glaive!!
Ouch! That really hurt!
* * * LOW HITPOINT WARNING * * *
Casting: Searing Ray (safe; 1% risk of failure)
Confirm with . or Enter, or press ? or * to list all spells.
You erupt in a fountain of uncontrolled magic!
Maggie is blasted with magical radiation!
Maggie is heavily wounded.
Maggie twists and deforms.
You are very lightly contaminated with residual magic.
Casting: Irradiate (extremely dangerous; 14% risk of failure)
Confirm with . or Enter, or press ? or * to list all spells.
You erupt in a fountain of uncontrolled magic!
Maggie is blasted with magical radiation!
Maggie is almost dead.
Maggie twists and deforms.
You are lightly contaminated with residual magic.
Maggie hits you with a +2 heavy glaive!
You die...

###### #....#
#.##.#
#.##.##############
#.#............)...
#.#################
#.@@......
#.######## #<# ###
... ... ##.# ###
#.# #.. ##


You could see Maggie (misshapen).

Vanquished Creatures
  An ice beast (D:5)
  2 black bears
  A phantom (D:4)
  A scorpion (D:4)
  A howler monkey (D:6)
  A bombardier beetle (D:4)
  2 orc priests (D:5)
  Jessica (D:2)
  Ijyb (D:3)
  An iguana (D:4)
  Natasha (thrice) (D:2)
  7 gnolls (D:4)
  6 adders
  2 dart slugs (D:1)
  A ribbon worm (D:2)
  7 orcs
  3 bats
  2 endoplasms
  5 giant cockroaches
  8 goblins
  8 hobgoblins
  3 quokkas
  7 ball pythons
  A frilled lizard (D:2)
  13 kobolds
  3 rats
91 creatures vanquished.

Vanquished Creatures (others)
  3 fulminant prisms (D:5)
3 creatures vanquished.

Grand Total: 94 creatures vanquished

Notes
Turn   | Place    | Note
-------+----------+-------------------------------------------
     0 | D:1      | Sobieck the Deep Elf Conjurer began the quest for the Orb.
     0 | D:1      | Reached XP level 1. HP: 10/10 MP: 6/6
   343 | D:1      | Reached skill level 1 in Alchemy
   343 | D:1      | Reached XP level 2. HP: 15/15 MP: 5/8
   722 | D:1      | Learned a level 2 spell: Searing Ray
   802 | D:1      | Reached XP level 3. HP: 19/19 MP: 6/10
   844 | D:1      | Found a faded altar of an unknown god.
   974 | D:1      | Found Vuawk's Magic Scroll Emporium.
   977 | D:1      | Bought a scroll of identify for 22 gold pieces
   977 | D:1      | Bought a scroll of noise for 11 gold pieces
  1338 | D:2      | Noticed Jessica
  1356 | D:2      | Killed Jessica
  1357 | D:2      | Reached XP level 4. HP: 21/24 MP: 6/12
  1362 | D:2      | Learned a level 4 spell: Fulminant Prism
  1423 | D:2      | Noticed Natasha
  1427 | D:2      | Killed Natasha
  1707 | D:2      | Noticed Natasha
  1710 | D:2      | Killed Natasha
  1711 | D:2      | Reached XP level 5. HP: 28/28 MP: 9/14
  1848 | D:2      | Noticed Natasha
  1857 | D:2      | Killed Natasha
  1918 | D:2      | Reached skill level 3 in Alchemy
  2105 | D:1      | Bought a scroll of teleportation for 33 gold pieces
  2621 | D:3      | Found a glowing silver altar of Zin.
  2621 | D:3      | Found a blossoming altar of Fedhas.
  2624 | D:3      | Found a shimmering altar of Xom.
  2624 | D:3      | Found a glowing golden altar of the Shining One.
  2692 | D:3      | Found a stormy altar of Qazlal.
  2692 | D:3      | Found a radiant altar of Vehumet.
  2692 | D:3      | Noticed Ijyb
  2695 | D:3      | Killed Ijyb
  2699 | D:3      | Became a worshipper of Vehumet
  2829 | D:3      | Learned a level 4 spell: Iskenderun's Mystic Blast
  2872 | D:4      | Found a basalt altar of Yredelemnul.
  3065 | D:4      | Noticed a black bear
  3076 | D:4      | Reached XP level 6. HP: 32/32 MP: 12/16
  3185 | D:4      | Reached skill level 6 in Conjurations
  3264 | D:4      | Reached skill level 6 in Spellcasting
  3503 | D:4      | Reached XP level 7. HP: 31/36 MP: 7/18
  3942 | D:5      | Entered Level 5 of the Dungeon
  4480 | D:5      | Learned a level 5 spell: Irradiate
  5014 | D:1      | Bought a scroll of fog for 44 gold pieces
  5014 | D:1      | Bought a scroll of fear for 44 gold pieces
  5014 | D:1      | Bought a scroll of blinking for 82 gold pieces
  5408 | D:6      | Noticed Maggie
  5415 | D:6      | Mangled by Maggie

Illustrated notes

Levels and vault maps discovered:
D:1:      roderic_crossed_star, layout_loops_ring,
          ebering_ecumenical_altar_sacrificial, serial_shops,
          nicolae_shop_rolled_up, chequers_serial_rivers_small_3
D:2:      layout_basic, uniq_natasha, uniq_jessica
D:3:      layout_loops_ring, gammafunk_temple_overflow_wave,
          chequers_temple_overflow_statue_of_worship, uniq_ijyb
D:4:      layout_loops_cross, mainiacjoe_overflow_catwalk
D:5:      layout_loops_corners
D:6:      layout_basic, grunt_temple_overflow_opulence, old_standard_altar,
          minmay_temple_entry_antechambers, mainiacjoe_ossuary_entry_dusty_tomb,
          uniq_maggie

Skill      XL: |  1  2  3  4  5  6  7 |
---------------+----------------------+-----
Alchemy        | 1 2 3 4 5 |  5.0
Spellcasting   | 4 5 6 7 |  7.6
Conjurations   | 5 6 7 |  7.2
Dodging        | |  2.4
Stealth        | |  2.4

Action                     |  1- 3 |  4- 6 |  7- 9 || total
---------------------------+-------+-------+-------++-------
   Cast: Magic Dart        |    74 |    46 |    20 ||   140
         Searing Ray       |     1 |    14 |     9 ||    24
         Fulminant Prism   |       |       |     3 ||     3
         Irradiate         |       |       |     2 ||     2
    Use: Scroll            |     1 |     1 |     6 ||     8
 Armour: Robe              |     2 |    12 |     8 ||    22
  Dodge: Dodged            |       |     6 |     4 ||    10
